 Dungeon Crawl Stone Soup version 0.27-a0-633-gc6addc0a40 (webtiles) character file.

Game seed: 359050646933646384

119 scammafunk the Firebug (level 4, -1/24 HPs)
             Began as a Deep Elf Fire Elementalist on Mar 13, 2021.
             Killed by nerve-wracking pain
             ... invoked by a shadow imp
             ... summoned by Natasha
              (8 damage)
             ... on level 2 of the Dungeon.
             The game lasted 00:08:39 (1703 turns).

scammafunk the Firebug (Deep Elf Fire Elementalist) Turns: 1703, Time: 00:08:40

Health: -1/24      AC:  6    Str:  5    XL:     4   Next: 73%
Magic:  1/12       EV: 12    Int: 21    God:
Gold:   74         SH:  0    Dex: 15    Spells: 4/11 levels left

rFire    . . .     SeeInvis .   k - +1 dagger (flame)
rCold    . . .     Faith    .   (no shield)
rNeg     . . .     Spirit   .   a - +0 robe
rPois    .         Reflect  .   (no helmet)
rElec    .         Harm     .   (no cloak)
rCorr    .         Rampage  .   (no gloves)
Will     .....                  (no boots)
Stlth    ++........             (no amulet)
HPRegen  0.08/turn              d - +4 ring of protection
MPRegen  0.13/turn              (no ring)

@: no status effects
A: no striking features
a: no special abilities


You were on level 2 of the Dungeon.
You visited 1 branch of the dungeon, and saw 2 of its levels.

You collected 74 gold pieces.

Inventory:

Hand Weapons
 k - a +1 dagger of flaming (weapon)
Missiles
 f - 4 silver boomerangs
 g - 16 poisoned darts
Armour
 a - a +0 robe (worn)
Jewellery
 d - a +4 ring of protection (right hand)
Scrolls
 h - a scroll of teleportation {unknown}
 j - a scroll of random uselessness {unknown}
 l - a scroll of identify {unknown}
 m - a scroll of enchant weapon {unknown}
Potions
 b - a potion of might {unknown}
 c - 2 potions of berserk rage {unknown}
 e - 2 potions of heal wounds {unknown}
 i - a potion of attraction {unknown}


   Skills:
 - Level 2.4 Dodging
 - Level 2.6 Stealth
 + Level 4.3 Spellcasting
 + Level 2.6 Conjurations
 + Level 4.7 Fire Magic


You had 4 spell levels left.
You knew the following spells:

 Your Spells              Type           Power      Damage    Failure   Level
a - Foxfire               Conj/Fire      76%        2x1d7     2%          1
b - Conjure Flame         Conj/Fire      19%        6-21      8%          3
c - Inner Flame           Hex/Fire       14%        N/A       13%         3

Your spell library contained the following spells:

 Spells                   Type           Power      Damage    Failure   Level
 Sticky Flame             Conj/Fire      19%        2d4       26%         4
 Fireball                 Conj/Fire      9%         3d6       58%         5


Dungeon Overview and Level Annotations

Branches:
Dungeon (2/15)

Altars:
Qazlal

Annotations:
D:2 Natasha, Robin


Message History

You kill the goblin!
Casting: Foxfire (safe; 2% risk of failure)
Confirm with . or Enter, or press ? or * to list all spells.
You conjure some foxfire!
The foxfire hits the white imp.
The white imp is burned terribly!
The white imp is heavily wounded.
The foxfire hits the white imp but does no damage.
The white imp is heavily wounded.
The white imp disappears in a puff of smoke!
The foxfire hits the leopard gecko.
The leopard gecko is almost dead.
The foxfire hits the leopard gecko.
You kill the leopard gecko!
The foxfire hits Natasha.
Natasha is moderately wounded.
Natasha casts a spell.
Casting: Foxfire (safe; 2% risk of failure)
Confirm with . or Enter, or press ? or * to list all spells.
You conjure some foxfire!
Casting: Foxfire (safe; 2% risk of failure)
Confirm with . or Enter, or press ? or * to list all spells.
You don't have enough magic to cast this spell.
The foxfire hits the shadow imp.
The shadow imp is heavily wounded.
The foxfire hits the shadow imp but does no damage.
The shadow imp is heavily wounded.
Natasha mumbles some strange words.
You hit the shadow imp. You burn the shadow imp.
The shadow imp is severely wounded.
The shadow imp barely misses you.
You hit the shadow imp but do no damage.
The shadow imp is severely wounded.
Natasha howls an incantation.
You feel troubled. The shadow imp hits you.
* * * LOW HITPOINT WARNING * * *
The crimson imp blinks!
The shadow imp gestures at you. Pain shoots through your body!
You die...

######### #.......#
#.......#############
+.......'g)).....g...
#.....§g#############
#.....5.###........# ##
#.......'..........## #..
#...@h..##.........'.
#...###...(...##.........##
#...).....###.##.......####
#))†#####.# #5##..........#
.g... #.###...####g.g...#
#g## #.....#.# #......# #
#####.#.# #....g.#
####....####......#
...........).....5g


You could see Robin, Natasha, a shadow imp (summoned) and a hobgoblin.

Vanquished Creatures
  Terence (D:2)
  Natasha (D:2)
  An adder (D:2)
  An ooze (D:1)
  3 worms (D:2)
  3 leopard geckos
  7 bats
  2 giant cockroaches (D:1)
  12 goblins
  3 hobgoblins
  4 kobolds
  3 frilled lizards
  2 rats (D:1)
43 creatures vanquished.

Vanquished Creatures (others)
  131 foxfires
131 creatures vanquished.

Grand Total: 174 creatures vanquished

Notes
Turn   | Place    | Note
-------+----------+-------------------------------------------
     0 | D:1      | scammafunk the Deep Elf Fire Elementalist began the quest
                  | for the Orb.
     0 | D:1      | Reached XP level 1. HP: 10/10 MP: 6/6
    27 | D:1      | Reached XP level 2. HP: 15/15 MP: 0/8
   810 | D:2      | Reached XP level 3. HP: 19/19 MP: 4/9
   814 | D:2      | Learned a level 3 spell: Conjure Flame
   818 | D:2      | Learned a level 3 spell: Inner Flame
   906 | D:2      | Found a stormy altar of Qazlal.
  1343 | D:2      | Noticed Terence
  1348 | D:2      | Killed Terence
  1349 | D:2      | Reached XP level 4. HP: 8/24 MP: 1/12
  1601 | D:2      | Noticed Natasha
  1604 | D:2      | Noticed Robin
  1605 | D:2      | Killed Natasha
  1639 | D:2      | Noticed Natasha
  1703 | D:2      | Killed from afar by a shadow imp

Illustrated notes

Levels and vault maps discovered:
D:1:      scummos_arrival_forest, layout_rooms, minivault_25
D:2:      layout_basic, nicolae_qazlal_general_emergency, uniq_terence,
          uniq_natasha, uniq_robin

Skill      XL: |  1  2  3 |
---------------+----------+-----
Fire Magic     | 4 |  4.7
Spellcasting   | 4 |  4.3
Conjurations   | 2 |  2.6
Dodging        | |  2.4
Stealth        | |  2.6

Action                   |  1- 3 |  4- 6 || total
-------------------------+-------+-------++-------
Melee: Unarmed           |    33 |       ||    33
       Dagger            |    12 |    15 ||    27
 Cast: Foxfire           |    65 |    21 ||    86
       Inner Flame       |     1 |     1 ||     2
       Conjure Flame     |       |     1 ||     1
Armor: Robe              |    13 |    11 ||    24
Dodge: Dodged            |    34 |    17 ||    51

Table legend: (Time is in decaauts)
 A = Elapsed time spent in this place.
 B = Non-inter-level travel time spent in this place.
 C = Inter-level travel time spent in this place.
 D = Time resting spent in this place.
 E = Time spent auto-exploring this place.
 F = Levels seen in this place.
 G = Mean time per level.
                   A        B        C        D        E       F      G
               +--------+--------+--------+--------+--------+-----+--------+
         Total |   1701 |   1675 |     26 |    427 |    815 |   2 |  850.5 |
       Dungeon |   1701 |   1675 |     26 |    427 |    815 |   2 |  850.5 |
               +--------+--------+--------+--------+--------+-----+--------+

Top non-repeatable levels by time:
     D:2: 914 daAuts
     D:1: 787 daAuts
